 Dungeon Crawl Stone Soup version 0.24-a0-291-g79c1ce7 (webtiles) character file.

Game seed: 11996935355386000604

74 galech the Skirmisher (level 4, 34/35 HPs)
             Began as a Demonspawn Fighter on May 9, 2019.
             Quit the game on level 2 of the Dungeon.
             The game lasted 00:01:20 (1573 turns).

galech the Skirmisher (Demonspawn Fighter)          Turns: 1573, Time: 00:01:21

Health: 34/35      AC:  8    Str: 16    XL:     4   Next: 9%
Magic:  4/4        EV:  7    Int: 10    God:
Gold:   117        SH:  9    Dex: 13    Spells: 3/3 levels left

rFire    + . .     SeeInvis .   a - +0 war axe
rCold    x . .     Gourm    .   c - +0 shield
rNeg     . . .     Faith    .   b - +0 scale mail
rPois    .         Spirit   .   (helmet restricted)
rElec    .         Reflect  .   h - +1 cloak
rCorr    .         Harm     .   (no gloves)
MR       .....                  (no boots)
Stlth    ..........             (no amulet)
HPRegen  0.11/turn              m - ring of fire
MPRegen  0.09/turn              (no ring)

@: no status effects
A: horns 1, spiny 1, rot immunity
a: no special abilities


You were on level 2 of the Dungeon.
You were not hungry.

You visited 1 branch of the dungeon, and saw 2 of its levels.

You collected 117 gold pieces.

Inventory:

Hand Weapons
 a - a +0 war axe (weapon)
Armour
 b - a +0 scale mail (worn)
 c - a +0 shield (worn)
 h - a +1 cloak (worn)
Jewellery
 m - a ring of fire (left hand)
Scrolls
 e - a scroll of magic mapping {unknown}
 i - 2 scrolls of fear {unknown}
 j - a scroll of noise {unknown}
 k - a scroll of teleportation {unknown}
Potions
 d - 2 potions of might
 g - a potion of agility {unknown}
 l - a potion of brilliance {unknown}
 o - a potion of cancellation {unknown}
Comestibles
 f - 3 rations
 n - 2 chunks of flesh


   Skills:
 + Level 3.3 Fighting
 + Level 2.8 Axes
 + Level 3.1 Armour
 + Level 0.4 Dodging
 + Level 3.1 Shields


You had 3 spell levels left.
You didn't know any spells.
Your spell library contained the following spells:

 Spells                   Type           Power        Failure   Level  Hunger
 Animate Skeleton         Necr           N/A          99%         1    ##.....
 Apportation              Tloc           #.....       99%         1    ##.....
 Confusing Touch          Hex            #.....       99%         1    ##.....
 Summon Small Mammal      Summ           #...         99%         1    ##.....


Dungeon Overview and Level Annotations

Branches:
Dungeon (2/15)

Altars:


Innate Abilities, Weirdness & Mutations

You have a pair of small horns on your head.
You are partially covered in sharp spines.
You are immune to rotting.


Message History

You feel clever.
Your demonic ancestry asserts itself...
A pair of horns grows on your head!
You slash the worm! The worm is struck by your spines.
The worm bites you but does no damage.
You barely miss the worm.
The worm is heavily wounded.
The worm is struck by your spines. The worm bites you but does no damage.
You slash the worm!
You kill the worm!
No target in view!
No target in view!
No target in view!
No target in view!
No target in view!
No target in view!
No target in view!
No target in view!
No target in view!
No target in view!
Are you sure you want to abandon this character and quit the game? (Confirm with "yes".)

###.#####
#...#......#
..).....#
###.#......#
###...#.#
#...#....#
##....#.#
#####.##.#
.#....#.# #.##
# .#...##.#
#..# ........#
##.# .†#.#####
######'#####
..#.#
#...@......#
#.#.#
#..........#
#.#.#
#..........#
#...#
#.............
##..####
#.........#####
..).)..#
#.........#
.......#
#.........#
...>...#
#.........#
.......#


There were no monsters in sight!

Vanquished Creatures
  A gnoll (D:1)
  An adder (D:2)
  2 worms (D:2)
  2 dart slugs (D:2)
  A leopard gecko (D:2)
  7 bats
  A giant cockroach (D:1)
  5 goblins
  9 hobgoblins
  A quokka (D:2)
  A ball python (D:2)
  2 frilled lizards
  7 kobolds
  2 rats
42 creatures vanquished.

Notes
Turn   | Place    | Note
-------+----------+-------------------------------------------
     0 | D:1      | galech the Demonspawn Fighter began the quest for the Orb.
     0 | D:1      | Reached XP level 1. HP: 18/18 MP: 1/1
    28 | D:1      | Gained mutation: You are immune to rotting. [demonic
                  | ancestry]
    28 | D:1      | Reached XP level 2. HP: 6/24 MP: 2/2
  1041 | D:2      | Gained mutation: You are partially covered in sharp spines.
                  | [demonic ancestry]
  1041 | D:2      | Reached XP level 3. HP: 22/29 MP: 3/3
  1570 | D:2      | Gained mutation: You have a pair of small horns on your
                  | head. [demonic ancestry]
  1570 | D:2      | Reached XP level 4. HP: 33/35 MP: 4/4
  1573 | D:2      | Quit the game

Levels and vault maps discovered:
D:1:      scummos_arrival_simple_crosswalls, layout_loops_ring,
          hangedman_glass_teeth
D:2:      layout_basic, minmay_octomino_j4

Skill      XL: |  1  2 |
---------------+-------+-----
Armour         | 3 |  3.1
Shields        | 3 |  3.1
Axes           | 2 |  2.8
Fighting       | |  3.3
Dodging        | |  0.4

Action                   |  1- 3 |  4- 6 || total
-------------------------+-------+-------++-------
Melee: War axe           |   111 |     2 ||   113
  Eat: Chunk             |     2 |       ||     2
Armor: Scale mail        |    59 |     2 ||    61
Dodge: Dodged            |    30 |       ||    30
Block: Shield            |    58 |       ||    58

Table legend:
 A = Non-vault XP
 B = Vault XP
 C = Vault XP percentage of total XP
 D = Non-vault monster count
 E = Vault monster count
 F = Vault count percentage of total count
                 A         B        C        D         E       F
            +---------+---------+-------+---------+---------+-------
      Total |      98 |       8 |   7.5 |      38 |       4 |   9.5
            +---------+---------+-------+---------+---------+-------
        D:1 |      39 |       0 |   0.0 |      16 |       0 |   0.0
        D:2 |      59 |       8 |  11.9 |      22 |       4 |  15.4
            +---------+---------+-------+---------+---------+-------
